 Dungeon Crawl Stone Soup version 0.31-a0-1074-g0b22e4e0f1 (webtiles) character file.

Game seed: 3101872197478329747

32 Arex the Trooper (level 3, 33/33 HPs)
             Began as a Hill Orc Fighter on Nov 25, 2023.
             Was an Initiate of Ashenzari.
             Got out of the dungeon alive.
             The game lasted 00:02:03 (499 turns).

Arex the Trooper (Hill Orc Fighter)                  Turns: 499, Time: 00:02:04

Health: 33/33      AC:  6    Str: 20    XL:     3   Next: 25%
Magic:  3/3        EV:  9    Int:  8    God:    Ashenzari [......]
Gold:   21         SH:  4    Dex: 10    Spells: 2/2 levels left

rFire   . . .        a - +0 rapier
rCold   . . .        c - +0 buckler
rNeg    . . .        b - +0 scale mail "Sybil of Ashenzari" {Range, Elem} (curse)
rPois   .            (no helmet)
rElec   .            (no cloak)
rCorr   .            (no gloves)
SInv    .            (no boots)
Will    .....        (no amulet) Stlth
                     (no ring)
HPRegen 0.25/turn    (no ring)
MPRegen 0.08/turn

%: no passive effects
@: no status effects
A: no striking features
a: Renounce Religion, Shatter the Chains


You escaped.
You worshipped Ashenzari.
Ashenzari was noncommittal.
You visited 1 branch of the dungeon, and saw 1 of its levels.

You collected 21 gold pieces.

Inventory:

Hand Weapons
 a - a +0 rapier (weapon)
Armour
 b - the cursed +0 scale mail "Sybil of Ashenzari" (worn) {Range, Elem}

   It has a curse which improves the following skills: Ranged Combat: Ranged
   Weapons and Throwing.
   Elements:  Fire Magic, Ice Magic, Air Magic and Earth Magic.
 c - a +0 buckler (worn)
Scrolls
 e - a scroll of torment {unknown}
 f - a scroll of teleportation {unknown}
Potions
 d - 2 potions of might


   Skills:
 + Level 4.1 Fighting
 + Level 2.4 Short Blades
 + Level 3.6 Armour
 + Level 3.7 Shields


You had 2 spell levels left.
You didn't know any spells.
Your spell library was empty.

Dungeon Overview and Level Annotations

Branches:
Dungeon (1/15)

Altars:
Ashenzari

Shops:
D:1 ::


Message History

The kobold hits you but does no damage.
You barely miss the kobold.
The kobold is heavily wounded.
The kobold hits you with a +0 dagger.
You closely miss the kobold.
The kobold is heavily wounded.
The kobold hits you but does no damage.
You barely miss the kobold.
The kobold is heavily wounded.
You block the kobold's attack.
You hit the kobold.
You kill the kobold!
No target in view!
No target in view!
You now have 21 gold pieces (gained 6).
Items here: ( )) †.
Found 6 boomerangs.
Found a stone staircase leading down.
There is a stone staircase leading down here.
Found a stone staircase leading down.
No target in view!
A goblin comes into view. It is wielding a +0 dagger.
You hit the goblin.
The goblin is heavily wounded.
The goblin closely misses you.
You hit the goblin.
You kill the goblin!
No target in view!
No target in view!
No target in view!
No target in view!
No target in view!
No target in view!
No target in view!
No target in view!
Items here: ( )) †.
You see here a hobgoblin skeleton.
You see here 3 stones.
There is a staircase leading out of the dungeon here.
You have escaped!

.### #....#....(...##.......##
.# #.#..#..#######.........# .#
#.##.##......##....8....#
.######.##(###....#...........#
......#.##.# #########.......##
.#.##.....[####...######...###
......)###.##.......## ###.####
##.##.## #.#.........#
###...### ##.##.#
#.#....@....####.......#
......#
..#..........##......(..
##.####
#.##.......##......8....
......#
#..###...######.........
##.##.# ##. ##### ##.......#
##.##.# ###...### .....># #####
.#.##.# .#..#.#


There were no monsters in sight!

Vanquished Creatures
  A dart slug (D:1)
  A bat (D:1)
  2 giant cockroaches (D:1)
  7 goblins (D:1)
  3 hobgoblins (D:1)
  3 jackals (D:1)
  A quokka (D:1)
  2 ball pythons (D:1)
  2 kobolds (D:1)
  2 rats (D:1)
24 creatures vanquished.

Notes
Turn   | Place    | Note
-------+----------+-------------------------------------------
     0 | D:1      | Arex the Hill Orc Fighter began the quest for the Orb.
     0 | D:1      | Reached XP level 1. HP: 19/19 MP: 1/1
     0 | D:1      | Upgraded the game from 0.31-a0-986-g5e6e4ef867 to
                  | 0.31-a0-1074-g0b22e4e0f1
    48 | D:1      | Found Asefi's Book Emporium.
    99 | D:1      | Reached XP level 2. HP: 22/27 MP: 2/2
   222 | D:1      | Found a faded altar of an unknown god.
   238 | D:1      | Found Riong's Book Shop.
   257 | D:1      | Prayed at the altar of an unknown god.
   257 | D:1      | Became a worshipper of Ashenzari the Shackled
   291 | D:1      | Reached skill level 4 in Fighting
   298 | D:1      | Reached XP level 3. HP: 26/33 MP: 3/3
   499 | D:$      | Got out of the dungeon alive.

Illustrated notes

Levels and vault maps discovered:
D:1:      dpeg_arrival_three_same_balls, layout_loops_cross, serial_shops, shop,
          nicolae_shop_just_a_little_nook, nicolae_shop_rolled_up,
          nicolae_diamond_shop, chequers_ecumenical_altar_simple_redux

Skill      XL: |  1  2 |
---------------+-------+-----
Fighting       | 4 |  4.1
Short Blades   | |  2.4
Armour         | |  3.6
Shields        | |  3.7

Action                     || total
---------------------------++-------
  Melee: Rapier            ||    93
 Invoke: Curse Item        ||     1
 Armour: Scale mail        ||    64
  Dodge: Dodged            ||    54
  Block: Buckler           ||    22

Table legend: (Time is in decaauts)
 A = Elapsed time spent in this place.
 B = Non-inter-level travel time spent in this place.
 C = Inter-level travel time spent in this place.
 D = Time resting spent in this place.
 E = Time spent auto-exploring this place.
 F = Levels seen in this place.
 G = Mean time per level.
                   A        B        C        D        E       F      G
               +--------+--------+--------+--------+--------+-----+--------+
         Total |    509 |    411 |     98 |      0 |    250 |   1 |  509.0 |
       Dungeon |    509 |    411 |     98 |      0 |    250 |   1 |  509.0 |
               +--------+--------+--------+--------+--------+-----+--------+

Top non-repeatable levels by time:
     D:1: 509 daAuts
